 Dungeon Sprint DCSS version 0.29-a0-717-g6dac4ea423 (webtiles) character file.

Game seed: 13324698566109244022

5821 mhtbhm the Imperceptible (level 10, -4/44 HPs)
             Began as a Spriggan Enchanter on June 26, 2022.
             Was the Champion of Dithmenos.
             Killed from afar by a gargoyle (9 damage)
             ... with a stone arrow
             ... in the Dungeon (Sprint I: "Red Sonja").
             The game lasted 00:06:50 (1646 turns).

mhtbhm the Imperceptible (Spriggan Enchanter)       Turns: 1646, Time: 00:06:51

Health: -4/44      AC:  6    Str:  4    XL:     10   Next: 51%
Magic:  22/26      EV: 24    Int: 16    God:    Dithmenos [******]
Gold:   16         SH:  0    Dex: 21    Spells: 20/31 levels left

rFire   + . .      SeeInvis +   a - +4 short sword "Iborug" {freeze, Will+}
rCold   + . .      Faith    .   (no shield)
rNeg    . . .      Spirit   .   b - +2 robe {rC+ rF+}
rPois   .          Reflect  .   r - +2 hood of the Assassin {Detection Stab+ Stlth++}
rElec   .          Harm     .   (no cloak)
rCorr   .          Rampage  .   (gloves unavailable)
Will    ++...      NoTele   +   (boots unavailable) Stlth ********++
                                (no amulet)
HPRegen 0.14/turn               (no ring)
MPRegen 0.20/turn               (no ring)

@: wreathed by umbra, very quick
A: very small, no large weapons, unfitting armour, see invisible, speed 3
a: Renounce Religion, Shadow Step, Shadow Form


You were in the Dungeon.
You worshipped Dithmenos.
Dithmenos was exalted by your worship.
You visited 1 branch You collected 1786 gold pieces.
You spent 1770 gold pieces at shops.

Inventory:

Hand Weapons
 a - the +4 short sword "Iborug" (weapon) {freeze, Will+}
   (You bought it in a shop in the Dungeon)

   It freezes those it strikes, dealing additional cold damage.
   It can also slow down cold-blooded creatures.
   Will:      It increases your willpower.
Missiles
 l - 2 curare-tipped darts (quivered)
Armour
 b - a +2 robe of resistance (worn)
 r - the +2 hood of the Assassin (worn) {Detection Stab+ Stlth++}
   (You bought it in a shop in the Dungeon)

   It allows the wearer to sense nearby creatures.
   It allows the wearer to make particularly effective stabbing attacks against
   helpless or unaware enemies with any weapon.
   Stlth:     It makes you much more stealthy.
Jewellery
 o - a +4 ring of protection
Wands
 h - a wand of iceblast (7)
Scrolls
 e - a scroll of torment {unknown}
 i - a scroll of blinking
 j - 3 scrolls of fog
 k - a scroll of identify
 m - a scroll of immolation {unknown}
 n - a scroll of amnesia {unknown}
Potions
 c - 2 potions of invisibility
 d - 3 potions of curing
 f - 2 potions of haste
 g - 2 potions of magic
 q - 2 potions of heal wounds
Miscellaneous
 p - a box of beasts


   Skills:
 + Level 0.4 Fighting
 + Level 5.6 Short Blades
 + Level 2.4 Throwing
 + Level 8.9 Dodging
 + Level 22.1 Stealth
 + Level 11.1 Spellcasting
 + Level 15.2 Hexes
 + Level 3.7 Ice Magic
 * Level 9.4 Invocations
 + Level 4.0 Evocations


You had 20 spell levels left.
You knew the following spells:

 Your Spells              Type           Power      Damage    Failure   Level
a - Ensorcelled Hibernat  Hex/Ice        78%        N/A       1%          2
b - Confusing Touch       Hex            55%        N/A       1%          3
c - Tukima's Dance        Hex            55%        N/A       1%          3
d - Dazzling Flash        Conj/Hex       66%        N/A       1%          3

Your spell library contained the following spells:

 Spells                   Type           Power      Damage    Failure   Level


Dungeon Overview and Level Annotations

Branches:
Dungeon (1/1)

Altars:
Cheibriados
Dithmenos
Elyvilon
Fedhas
Gozag
Hepliaklqana
Kikubaaqudgha
Makhleb
Nemelex Xobeh
Okawaru
Qazlal
Ru
Sif Muna
Trog
Uskayaw
Vehumet
Wu Jian
Xom
Yredelemnul
Zin
The Shining One
Jiyva
Lugonu

Shops:
D (?(!(*?:(!*::[![(


Innate Abilities, Weirdness & Mutations

You are very small and have problems with some larger weapons.
You are too small for most types of armour.
You have supernaturally acute eyesight. (SInv)
You cover ground extremely quickly. (Speed+++)


Message History

The lindwurm moves out of view.
Unknown command.
There is an open door here.
Found 27 gold pieces.
You hit the lindwurm but do no damage.
Your shadow hits the lindwurm but does no damage.
The lindwurm misses you. The lindwurm closely misses you.
The lindwurm misses you.
Unknown command.
Casting: Confusing Touch (safe; 1% risk of failure)
Confirm with . or Enter, or press ? or * to list all spells.
Aiming: Ensorcelled Hibernation (safe; 1% risk of failure)
Press: ? - help, Shift-Dir - straight line, f - lindwurm
Aim: a lindwurm (umbra, chance to affect: 49%)
The lindwurm resists with some effort.
Your shadow mimicks your spell!
The lindwurm easily resists.
The gargoyle hurls a stone arrow at you.
The stone arrow hits you!!
You emit a cloud of dark smoke.
The lindwurm closely misses you. The lindwurm completely misses you. x2
Casting: Ensorcelled Hibernation (safe; 1% risk of failure)
Confirm with . or Enter, or press ? or * to list all spells.
Aiming: Ensorcelled Hibernation (safe; 1% risk of failure)
Press: ? - help, Shift-Dir - straight line, f/p - lindwurm
Aim: a lindwurm (black smoke, umbra, chance to affect: 49%)
The lindwurm looks drowsy...
Your shadow mimicks your spell!
The lindwurm is unaffected.
Unknown command.
The helpless lindwurm fails to defend itself.
You spit the lindwurm like a pig!!!!! You freeze the lindwurm!
You kill the lindwurm!
Dithmenos accepts your kill. The demonic crawler closely misses you.
The demonic crawler hits you. The demonic crawler hits you!
* * * LOW HITPOINT WARNING * * *
You emit a cloud of dark smoke.
The gargoyle hurls a stone arrow at you.
The stone arrow hits you!
You die...

####################
'..#.)'..#__#.§§§9§#
#.)'..#..'..'..#@s§##+#
##'#####'#__####§§§'.§#
#..#...#!####§§#####..§§
####..##.#§≈§§.#..# +###
___##'#_.)§§≈§§'..# {
∩...'..._#§§§§§#.§#
.__##_.#'##+#####§### {
___###'#.# ###.'.#
######.####+###.###.#


You could see a demonic crawler and a gargoyle.

Vanquished Creatures
  2 centaur warriors (D)
  Sonja (D)
  A deep troll (D)
  A lindwurm (D)
  An oklob plant (D)
  2 unseen horrors (D)
  A demonic crawler (D)
  2 kobold demonologists (D)
  A hornet (D)
  A slime creature (D)
  Sigmund (D)
  A yak (D)
  2 redbacks (D)
  2 floating eyes (D)
  An ogre (D)
  7 necrophages (D)
  8 jellies (D)
  Ijyb (D)
  A ballistomycete spore (D)
37 creatures vanquished.

Vanquished Creatures (others)
  A ballistomycete spore (D)
1 creature vanquished.

Grand Total: 38 creatures vanquished

Notes
Turn   | Place    | Note
-------+----------+-------------------------------------------
     0 | D        | mhtbhm the Spriggan Enchanter began the quest for the Orb.
     0 | D        | Reached XP level 1. HP: 9/9 MP: 5/5
     2 | D        | Noticed Ijyb
    16 | D        | Killed Ijyb
    17 | D        | Reached skill level 6 in Stealth
    17 | D        | Reached skill level 5 in Hexes
    17 | D        | Reached XP level 2. HP: 3/13 MP: 5/7
   276 | D        | Learned a level 2 spell: Ensorcelled Hibernation
   276 | D        | Noticed an ogre
   279 | D        | Killed an ogre
   280 | D        | Reached skill level 8 in Stealth
   280 | D        | Reached XP level 3. HP: 16/16 MP: 8/10
   280 | D        | Reached XP level 4. HP: 21/21 MP: 8/11
   309 | D        | Noticed Sigmund
   312 | D        | Killed Sigmund
   313 | D        | Reached skill level 5 in Dodging
   313 | D        | Reached skill level 11 in Stealth
   313 | D        | Reached skill level 10 in Hexes
   313 | D        | Reached XP level 5. HP: 24/24 MP: 11/14
   317 | D        | Learned a level 3 spell: Confusing Touch
   321 | D        | Learned a level 3 spell: Tukima's Dance
   325 | D        | Learned a level 3 spell: Dazzling Flash
   352 | D        | Found an ornate altar of the Wu Jian Council.
   352 | D        | Found a shimmering blue altar of Sif Muna.
   354 | D        | Found a radiant altar of Vehumet.
   359 | D        | Reached XP level 6. HP: 28/28 MP: 13/16
   361 | D        | Found Kasuphurr's Magic Scroll Emporium.
   361 | D        | Found an ancient bone altar of Kikubaaqudgha.
   361 | D        | Found a hazy altar of Hepliaklqana.
   361 | D        | Found a stormy altar of Qazlal.
   361 | D        | Found a hide-covered altar of Uskayaw.
   361 | D        | Found a blossoming altar of Fedhas.
   361 | D        | Found a bloodstained altar of Trog.
   361 | D        | Found an iron altar of Okawaru.
   361 | D        | Found a basalt altar of Yredelemnul.
   361 | D        | Found a glowing golden altar of the Shining One.
   361 | D        | Found a snail-covered altar of Cheibriados.
   361 | D        | Found a sacrificial altar of Ru.
   361 | D        | Found a glowing silver altar of Zin.
   361 | D        | Found a shadowy altar of Dithmenos.
   361 | D        | Found a white marble altar of Elyvilon.
   361 | D        | Noticed a yak
   362 | D        | Found an opulent altar of Gozag.
   363 | D        | Killed a yak
   364 | D        | Reached skill level 13 in Stealth
   364 | D        | Found a sparkling altar of Nemelex Xobeh.
   370 | D        | Became a worshipper of Dithmenos the Shadowed
   377 | D        | Bought a scroll of fog for 22 gold pieces
   403 | D        | Bought a scroll of identify for 22 gold pieces
   403 | D        | Bought a scroll of identify for 22 gold pieces
   426 | D        | Found a burning altar of Makhleb.
   426 | D        | Found a viscous altar of Jiyva.
   426 | D        | Found a shimmering altar of Xom.
   426 | D        | Found a corrupted altar of Lugonu.
   426 | D        | Noticed a slime creature
   429 | D        | Killed a slime creature
   430 | D        | Reached skill level 14 in Stealth
   430 | D        | Reached XP level 7. HP: 32/32 MP: 18/18
   452 | D        | Noticed Sonja
   456 | D        | Killed Sonja
   457 | D        | Reached skill level 16 in Stealth
   457 | D        | Reached XP level 8. HP: 36/36 MP: 17/21
   473 | D        | Found Niosm's Antique Weapon Boutique.
   494 | D        | Noticed a deep troll
   524 | D        | Killed a deep troll
   524 | D        | Reached * piety under Dithmenos
   525 | D        | Reached skill level 1 in Throwing
   525 | D        | Reached skill level 17 in Stealth
   525 | D        | Reached skill level 1 in Ice Magic
   525 | D        | Reached skill level 5 in Invocations
   525 | D        | Reached skill level 1 in Evocations
   549 | D        | Found Toban's Armour Emporium.
   796 | D        | Noticed a kobold demonologist
   797 | D        | Noticed a kobold demonologist
   800 | D        | Killed a kobold demonologist
   801 | D        | Reached XP level 9. HP: 39/39 MP: 21/23
   802 | D        | Killed a kobold demonologist
   802 | D        | Reached ** piety under Dithmenos
   803 | D        | Reached skill level 18 in Stealth
   823 | D        | Noticed a centaur warrior
   823 | D        | Noticed a centaur warrior
   834 | D        | Killed a centaur warrior
   835 | D        | Reached skill level 19 in Stealth
   837 | D        | Killed a centaur warrior
   838 | D        | Reached skill level 5 in Short Blades
   838 | D        | Reached skill level 10 in Spellcasting
   906 | D        | Reached skill level 20 in Stealth
  1018 | D        | Noticed an oklob plant
  1020 | D        | Killed an oklob plant
  1020 | D        | Reached *** piety under Dithmenos
  1021 | D        | Reached skill level 15 in Hexes
  1021 | D        | Reached XP level 10. HP: 44/44 MP: 25/25
  1059 | D        | Reached skill level 21 in Stealth
  1060 | D        | Reached **** piety under Dithmenos
  1281 | D        | Reached ***** piety under Dithmenos
  1388 | D        | Identified the +1 plate armour "Affalol" {Str+2 Dex+5}
  1427 | D        | Found Elaitwoi's Distillery.
  1427 | D        | Found Bug Lenla's Antique Weapon Shop.
  1427 | D        | Found Ischiynn's Weapon Boutique.
  1429 | D        | Found Urojanae's Assorted Antiques.
  1429 | D        | Found Joappoyxt's Magic Scroll Shop.
  1429 | D        | Found Weytidaj's Book Shoppe.
  1429 | D        | Found Luludgh's Antique Weapon Boutique.
  1429 | D        | Found Boaffomn's Distillery.
  1429 | D        | Found Jyraes's Assorted Antiques.
  1429 | D        | Found Mioge's Book Shoppe.
  1434 | D        | Bought a dazzling short sword for 184 gold pieces
  1434 | D        | Identified the +4 short sword "Iborug" {freeze, Will+} (You
                  | bought it in a shop in the Dungeon)
  1436 | D        | Bought a potion of haste for 130 gold pieces
  1436 | D        | Bought a potion of heal wounds for 65 gold pieces
  1436 | D        | Bought a potion of heal wounds for 65 gold pieces
  1437 | D        | Found Joerag's Book Boutique.
  1438 | D        | Bought the +2 hood of the Assassin {Detection Stab+
                  | Stlth++} for 1260 gold pieces
  1438 | D        | Found the +2 hood of the Assassin {Detection Stab+ Stlth++}
  1443 | D        | Found Gurivvy's Distillery.
  1443 | D        | Found Qawkaybb's Armour Boutique.
  1444 | D        | Found Gerout's Antique Weapon Emporium.
  1516 | D        | Reached ****** piety under Dithmenos
  1517 | D        | Reached skill level 22 in Stealth
  1640 | D        | Noticed a lindwurm
  1640 | D        | Noticed a gargoyle
  1646 | D        | Killed a lindwurm
  1646 | D        | Killed from afar by a gargoyle

Illustrated notes

Levels and vault maps discovered:
D:        dungeon_sprint_1 [red_sonja_temple_1, red_sonja_temple_small_1]

Skill      XL: |  1  2  3  4  5  6  7  8  9 10 |
---------------+-------------------------------+-----
Dodging        | 3 4 5 6 7 8 |  8.9
Stealth        | 6 8 11 14 16 17 20 22 | 22.1
Spellcasting   | 3 4 6 7 8 9 10 11 | 11.1
Hexes          | 5 7 10 11 13 14 15 | 15.2
Short Blades   | 2 3 4 5 |  5.6
Invocations    | 2 4 6 8 9 |  9.4
Throwing       | 1 2 |  2.4
Ice Magic      | 1 2 3 |  3.7
Evocations     | 2 3 4 |  4.0
Fighting       | |  0.4

Action                   |  1- 3 |  4- 6 |  7- 9 | 10-12 || total
-------------------------+-------+-------+-------+-------++-------
Melee: Dagger            |    14 |     4 |    16 |    35 ||    69
       Short sword       |       |       |       |     4 ||     4
Throw: Dart              |       |       |     3 |       ||     3
 Cast: Ensorcelled Hiber |       |     1 |     8 |    10 ||    19
       Confusing Touch   |       |       |     1 |     2 ||     3
Invok: Shadow Step       |       |       |       |     1 ||     1
Evoke: Wand              |       |       |     4 |       ||     4
  Use: Potion            |     1 |       |     1 |       ||     2
       Scroll            |       |     1 |       |       ||     1
 Stab: Sleeping          |     1 |     4 |     8 |    19 ||    32
       Confused          |       |       |       |     2 ||     2
Armor: Robe              |       |       |       |     4 ||     4
Dodge: Dodged            |     4 |       |    15 |    25 ||    44

Table legend: (Time is in decaauts)
 A = Elapsed time spent in this place.
 B = Non-inter-level travel time spent in this place.
 C = Inter-level travel time spent in this place.
 D = Time resting spent in this place.
 E = Time spent auto-exploring this place.
 F = Levels seen in this place.
 G = Mean time per level.
                   A        B        C        D        E       F      G
               +--------+--------+--------+--------+--------+-----+--------+
         Total |   1457 |   1455 |      2 |    957 |      0 |   1 | 1457.0 |
       Dungeon |   1457 |   1455 |      2 |    957 |      0 |   1 | 1457.0 |
               +--------+--------+--------+--------+--------+-----+--------+

Top non-repeatable levels by time:
       D: 1457 daAuts
